 Dungeon Crawl Stone Soup version 0.16-a0-60-g704e011 (webtiles) character file.

466 staplegun the Magician (level 7, -9/41 HPs)
             Began as an Octopode Wizard on Aug 6, 2014.
             Killed by divine providence
             ... invoked by an orc priest
              (15 damage)
             ... on Level 4 of the Dungeon.
             The game lasted 00:23:39 (7040 turns).

staplegun the Magician (Octopode Wizard)            Turns: 7040, Time: 00:23:39

HP  -9/41        AC  1     Str  6      XL: 7   Next:  8%
MP  14/18        EV 13     Int 22      God:
Gold 201         SH  0     Dex 11      Spells:  5 memorised,  5 levels left

rFire  . . .     SeeInvis .     m - +1 dagger (holy)
rCold  . . .     Clarity  .     (no shield)
rNeg   . . .     rCorr    .     b - +0 hat
rPois  .         rRot     .     (no amulet)
rElec  .         Spirit   .     (no ring)
SustAb .         Warding  .     (no ring)
rMut   .         Stasis   .     (no ring)
Gourm  .                        (no ring)
MR     .....                    (no ring)
                                (no ring)
                                (no ring)
                                (no ring)

@: repel missiles, not resistant to hostile enchantments, stealthy
A: almost no armour, amphibious, 8 rings, constrict 8, camouflage 1, gelatinous
body 1, evolution 1
a: no special abilities


You were on level 4 of the Dungeon.
You were not hungry.

You visited 1 branch of the dungeon, and saw 4 of its levels.

You collected 201 gold pieces.

Inventory:

Hand weapons
 a - a +0 mace
 m - a +1 dagger of holy wrath (weapon)
Armour
 b - a +0 hat (worn)
Comestibles
 d - 3 bread rations
 g - a slice of pizza
 k - a royal jelly
 l - 4 fruits
 p - a meat ration
Scrolls
 j - a scroll of noise
 n - a scroll of fog
 o - 3 scrolls of identify
 r - a scroll of remove curse
Potions
 i - a potion of magic
Books
 c - a book of Minor Magic

   Spells                             Type                      Level
   *Magic Dart                        Conjuration                  1
   *Blink                             Translocation                2
   *Call Imp                          Summoning                    2
   *Repel Missiles                    Charms/Air                   2
   Slow                               Hexes                        2
   Conjure Flame                      Conjuration/Fire             3
   *Mephitic Cloud                    Conjuration/Poison/Air       3
 q - a book of Alchemy

   Spells                             Type                      Level
   Sublimation of Blood               Necromancy                   2
   Alistair's Intoxication            Transmutation/Poison         4
   Condensation Shield                Ice                          4
   Petrify                            Transmutation/Earth          4
   Ignite Poison                      Fire/Transmutation           5


   Skills:
 - Level 0.2 Fighting
 + Level 3.8 Dodging
 + Level 4.5 Stealth
 + Level 4.6 Spellcasting
 + Level 2.8 Conjurations
 + Level 2.9 Summonings
 - Level 1.0 Translocations


You had 5 spell levels left.
You knew the following spells:

 Your Spells              Type           Power        Failure   Level  Hunger
a - Magic Dart            Conj           ###.         3%          1    None
b - Blink                 Tloc           N/A          12%         2    None
c - Call Imp              Summ           ###.....     6%          2    None
d - Mephitic Cloud        Conj/Pois/Air  #.......     21%         3    ##.....
e - Repel Missiles        Chrm/Air       #.....       17%         2    None


Dungeon Overview and Level Annotations

Branches:
Dungeon (4/15)
 Temple: D:4-7

Altars:
Fedhas


Innate Abilities, Weirdness & Mutations

You cannot wear most types of armour.
You are amphibious.
You can wear up to eight rings at the same time.
You can use your tentacles to constrict many enemies at once.
Your skin changes colour to match your surroundings (Stealth).
Your rubbery body absorbs attacks (AC +1).
You evolve.


Message History

The orc priest calls down the wrath of Beogh upon you.
Something smites you!
Your crimson imp hits the orc priest but does no damage.
You hit the orc priest but do no damage.
The orc priest is heavily wounded.
You constrict the orc priest. The orc priest hits you with a flail!
Your crimson imp barely misses the orc priest.
You hit the orc priest but do no damage.
The orc priest is heavily wounded.
You constrict the orc priest.
The orc priest invokes the aid of Beogh against you.
Something smites you!
* * * LOW HITPOINT WARNING * * *
Your crimson imp hits the orc priest but does no damage.
You hit the orc priest but do no damage.
The orc priest is severely wounded.
You constrict the orc priest, but do no damage.
The orc priest mumbles some strange prayers to Beogh against you.
Something smites you!
You die...

#.......####'##...[..5......
#..##...#.....+.............
##'##...'.....#...###+###..#
#..+....##...##...##...##..#
#..#....####+##...+.........
#..#..........'...#.........
#..#<.........#...####)##..#
#..#....##.5o##...##...#####
#..#[...##.@.##.........#
#..#.......<.5..........#
..#....................#
##...#.........##...##
#####....##...######
#.#####....# ### #.....#
#.....# #######


You could see an orc priest and 2 friendly crimson imps.

Vanquished Creatures
  4 adders
  9 gnolls (D:3)
  2 giant mites
  3 worms
  2 giant geckos
  8 orcs
  3 giant cockroaches
  13 hobgoblins
  24 jackals
  4 quokkas (D:4)
  5 bats
  3 giant newts (D:2)
  11 goblins
  6 kobolds
  14 rats
  A rat skeleton (D:3)
  2 plants (D:1)
114 creatures vanquished.

Vanquished Creatures (collateral kills)
  A gnoll shaman (D:3)
  An orc priest (D:4)
  A worker ant (D:4)
  25 gnolls (D:3)
  4 adders
  5 orcs (D:3)
  6 jackals
  A kobold (D:3)
  2 quokkas
46 creatures vanquished.

Vanquished Creatures (others)
  7 crimson imps (D:3)
  8 white imps (D:3)
  4 shadow imps
19 creatures vanquished.

Grand Total: 179 creatures vanquished

Notes
Turn   | Place    | Note
--------------------------------------------------------------
     0 | D:1      | staplegun, the Octopode Wizard, began the quest for the Orb.
     0 | D:1      | Reached XP level 1. HP: 11/11 MP: 4/4
   188 | D:1      | Reached XP level 2. HP: 17/17 MP: 6/6
  1197 | D:2      | Reached XP level 3. HP: 14/21 MP: 8/8
  1289 | D:2      | Learned a level 2 spell: Blink
  1292 | D:2      | Learned a level 2 spell: Call Imp
  1953 | D:2      | Reached XP level 4. HP: 20/27 MP: 1/10
  2314 | D:2      | Found a blossoming altar of Fedhas.
  2932 | D:3      | Reached skill level 4 in Spellcasting
  3314 | D:3      | Reached XP level 5. HP: 27/31 MP: 13/13
  3893 | D:3      | Learned a level 2 spell: Repel Missiles
  4312 | D:2      | Gained mutation: You evolve. [potion of beneficial mutation]
  4757 | D:3      | Reached XP level 6. HP: 36/36 MP: 9/15
  4771 | D:3      | Learned a level 3 spell: Mephitic Cloud
  5275 | D:3      | Noticed a gnoll sergeant
  6752 | D:4      | Reached XP level 7. HP: 14/41 MP: 10/17
  7040 | D:4      | Killed from afar by an orc priest

Action                   |  1- 3 |  4- 6 |  7- 9 || total
-------------------------+-------+-------+-------++-------
Melee: Unarmed           |    13 |       |       ||    13
       Mace              |   116 |     4 |       ||   120
       Dagger            |       |   121 |    17 ||   138
       Halberd           |       |    30 |       ||    30
 Cast: Magic Dart        |    39 |    83 |       ||   122
       Call Imp          |       |    79 |     7 ||    86
       Repel Missiles    |       |     2 |       ||     2
  Use: Potion            |       |     5 |       ||     5
       Scroll            |       |     9 |       ||     9
 Stab: Sleeping          |     6 |    10 |       ||    16
       Distracted        |     1 |       |       ||     1
  Eat: Chunk             |     3 |    14 |     1 ||    18
       Pizza             |       |     1 |       ||     1
